 Dungeon Crawl Stone Soup version 0.29-a0-459-g97dee8cd24 (webtiles) character file.

Game seed: 16029495888312460354

23195 ptdevnull the Peltast (level 13, -20/83 HPs)
             Began as a Gargoyle Fighter on May 21, 2022.
             Was an Initiate of Gozag.
             Demolished by a reaper
             ... wielding a +2 scythe of freezing
              (32 damage)
             ... in an ice cave.
             The game lasted 00:29:50 (11011 turns).

ptdevnull the Peltast (Gargoyle Fighter)           Turns: 11011, Time: 00:29:53

Health: -20/83     AC: 26    Str: 25    XL:     13   Next: 5%
Magic:  13/13      EV:  5    Int: 11    God:    Gozag
Gold:   3601       SH: 19    Dex: 15    Spells: 12/12 levels left

rFire   . . .      SeeInvis .   b - +1 flail (freeze)
rCold   + + .      Faith    .   h - +0 tower shield of Squeaky Brilliance {rC++ Dex+2}
rNeg    + . .      Spirit   .   I - +0 plate armour
rPois   ∞          Reflect  .   F - +2 hat of the Circus Animal {Rampage Fly Int+2 Dex+4}
rElec   +          Harm     .   (no cloak)
rCorr   +          Rampage  +   (no gloves)
Will    +....                   (no boots)
Stlth   ..........              n - amulet of regeneration
HPRegen 1.03/turn               O - ring of willpower
MPRegen 0.13/turn               r - ring of resist corrosion

@: flying
A: sickness immunity, AC +9, negative energy resistance 1, electricity
resistance, torment resistance 1, petrification resistance
a: Renounce Religion, Potion Petition, Call Merchant, Bribe Branch


You were in an ice cave.
You worshipped Gozag.
Gozag was most pleased with you.
You visited 2 branches of the dungeon, and saw 12 of its levels.
You also visited: Ice Cave.

You collected 3848 gold pieces.
You paid 247 gold pieces to Gozag.

Inventory:

Hand Weapons
 a - the +11 hand axe of Haig {spect, rC+}
   (You took it off Dowan on level 5 of the Dungeon)

   When its wielder attacks, the weapon's spirit leaps out and strikes again.
   The spirit shares a part of any damage it takes with its wielder.
   rC:        It protects you from cold.
 b - a +1 flail of freezing (weapon)
 g - a +0 flail of holy wrath
Armour
 c - a +0 buckler
 h - the +0 tower shield of Squeaky Brilliance (worn) {rC++ Dex+2}
   (You found it on level 10 of the Dungeon)

   Dex:       It affects your dexterity (+2).
   rC:        It greatly protects you from cold.
 F - the +2 hat of the Circus Animal (worn) {Rampage Fly Int+2 Dex+4}
   (You found it on level 7 of the Dungeon)

   Int:       It affects your intelligence (+2).
   Dex:       It affects your dexterity (+4).
   Fly:       It grants you flight.
   Rampage:   It bestows one free step when moving towards enemies.
 I - a +0 plate armour (worn)
Jewellery
 f - a +4 ring of evasion
 j - the ring "Ykarphoni" {Fly Int+4}
   (You found it on level 5 of the Dungeon)

   [ring of flight]

   Int:       It affects your intelligence (+4).
   Fly:       It grants you flight.
 n - an amulet of regeneration (around neck)
 r - a ring of resist corrosion (right hand)
 M - a ring of protection from fire
 O - a ring of willpower (left hand)
Wands
 i - a wand of mindburst (8)
 o - a wand of polymorph (19)
 t - a wand of flame (5)
 y - a wand of digging (11)
 D - a wand of acid (7)
 N - a wand of iceblast (8)
Scrolls
 e - 6 scrolls of teleportation
 m - a scroll of silence {unknown}
 p - a scroll of poison {unknown}
 q - 5 scrolls of enchant armour
 s - 2 scrolls of immolation
 v - 2 scrolls of enchant weapon
 w - a scroll of fear {unknown}
 x - 3 scrolls of amnesia
 A - 2 scrolls of identify
 C - 3 scrolls of fog {unknown}
Potions
 d - 4 potions of lignification
 k - 5 potions of heal wounds
 l - 6 potions of curing
 u - 4 potions of degeneration
 z - a potion of haste {unknown}
 B - 2 potions of resistance
 H - a potion of brilliance {unknown}
 J - a potion of cancellation {unknown}
 K - 3 potions of attraction {unknown}
 L - a potion of mutation {unknown}


   Skills:
 + Level 10.6 Fighting
 - Level 7.1(10.0) Axes
 - Level 11.8(12.7) Maces & Flails
 + Level 10.6 Armour
 + Level 15.4 Shields


You had 12 spell levels left.
You didn't know any spells.
Your spell library contained the following spells:

 Spells                   Type           Power      Damage    Failure   Level
 Beastly Appendage        Tmut           0%         N/A       100%        1
 Sandblast                Erth           0%         2d4       100%        1
 Summon Small Mammal      Summ           0%         N/A       100%        1
 Ensorcelled Hibernation  Hex/Ice        0%         N/A       100%        2
 Passwall                 Tmut/Erth      0%         N/A       100%        2
 Wereblood                Tmut           0%         N/A       100%        2
 Call Canine Familiar     Summ           0%         N/A       100%        3
 Frozen Ramparts          Ice            0%         1d2       100%        3
 Portal Projectile        Hex/Tloc       0%         N/A       100%        3
 Spider Form              Tmut/Pois      0%         N/A       100%        3
 Stone Arrow              Conj/Erth      0%         3d7       100%        3
 Summon Guardian Golem    Hex/Summ       0%         N/A       100%        3
 Anguish                  Hex/Necr       0%         N/A       100%        4
 Ice Form                 Ice/Tmut       0%         N/A       100%        4
 Leda's Liquefaction      Hex/Erth       0%         N/A       100%        4
 Summon Ice Beast         Ice/Summ       0%         N/A       100%        4


Dungeon Overview and Level Annotations

Branches:
Dungeon (10/15)            Temple (0/1) D:5            Lair (2/6) D:9
    Orc (0/2) D:10          IceCv (1/1)
  Swamp: Lair:2-4    Shoals: Lair:2-4     Snake: Lair:2-4    Spider: Lair:2-4

Altars:
Fedhas
Gozag
Makhleb

Shops:
D:8 (

Annotations:
D:9 1 runed translucent door, garrulousMonolith's ghost, novice HOFi


Innate Abilities, Weirdness & Mutations

You are immune to sickness and miasma.
Your stone body is resilient. (AC +9)
You are immune to poison.
You resist negative energy. (rN+)
You are resistant to electric shocks. (rElec)
You are resistant to unholy torment.
You are immune to petrification.


Message History

Press: ? - help, Shift-Dir - straight line, f - reaper
Aim: a reaper, wielding a +2 scythe of freezing, wearing a +1 robe of cold resistance and wearing a ring of protection from cold (freezing vapour, lightly wounded, chance to affect: 6%)
Okay, then.
You hit the reaper but do no damage.
The reaper is lightly wounded.
Your +11 hand axe of Haig {spect, rC+} hits the reaper.
You are engulfed in freezing vapours.
You resist.
The reaper hits you with a +2 scythe of freezing!!
You slash the reaper!
The reaper is moderately wounded.
Your +11 hand axe of Haig {spect, rC+} hits the reaper!
You are engulfed in freezing vapours.
You resist.
The reaper misses your +11 hand axe of Haig {spect, rC+}.
You hit the reaper but do no damage.
The reaper is heavily wounded.
Your +11 hand axe of Haig {spect, rC+} hits the reaper but does no damage.
You are engulfed in freezing vapours.
You resist.
The reaper hits your +11 hand axe of Haig {spect, rC+} with a +2 scythe of freezing!!!
Your spectral weapon shares its damage with you!
The reaper freezes your +11 hand axe of Haig {spect, rC+}.
Your +11 hand axe of Haig {spect, rC+} fades away.
* * * LOW HITPOINT WARNING * * *
Your +1 flail of freezing glows with a cold blue light!
b - a +1 flail of freezing (weapon)
You thump the reaper!
The reaper is severely wounded.
The reaper hits you with a +2 scythe of freezing.
* * * LOW HITPOINT WARNING * * *
You sock the reaper!
The reaper is almost dead.
You are engulfed in freezing vapours.
You resist.
* * * LOW HITPOINT WARNING * * *
You block the reaper's attack.
You barely miss the reaper.
The reaper is almost dead.
You are engulfed in freezing vapours.
You resist.
* * * LOW HITPOINT WARNING * * *
The reaper hits you with a +2 scythe of freezing!!
You die...
Your body crumbles into a pile of gold.

#..... ##.... #.....
.... ###... .## ..####
#..#§# ..#..##..#
##.°#§## .§ . #[..#
#..§#§§###.§○# #....
#.2@§#...#§#.# #....
#...°§§§§.#.○○# ##...
#..####☼§.#°..# ##.#.
|........○#.....# #..##
#$.#......☼$§.#.☼###...#
## #.#..#☼#$○##..#.#....
# #..#.##.#...○○...#.
#..##..#....#☼§#..#. ##
#...##..##§##..##


You could see a reaper.

Vanquished Creatures
  Josephine (D:10)
  Erolcha (D:10)
  2 hydras (Lair:1)
  A two-headed ogre (D:8)
  Nergalle (D:10)
  Pikel (D:8)
  A manticore (D:10)
  An ugly thing (IceCv)
  A cane toad (Lair:1)
  2 ice statues (IceCv)
  A black mamba (Lair:1)
  Joseph (D:7)
  2 unseen horrors (D:10)
  A kobold demonologist (D:10)
  8 ice devils (IceCv)
  A hornet (D:8)
  Prince Ribbit (D:8)
  Grinder (D:5)
  42 yaks
  A shadow (D:6)
  Sigmund (D:4)
  A spriggan (D:7)
  6 wraiths (D:10)
  A basilisk (Lair:1)
  A death yak simulacrum (IceCv)
  Duvessa (D:5)
  3 water moccasins (D:9)
  2 acid dragons
  4 sky beasts
  An ice beast (D:7)
  4 black bears
  3 orc warriors
  An ogre (D:5)
  A centaur (D:10)
  A lemure (D:8)
  5 kobold brigands (D:10)
  A phantom (D:7)
  5 bullfrogs
  2 gnoll sergeants (D:6)
  A necrophage (D:8)
  A scorpion (D:4)
  A cane toad simulacrum (IceCv)
  A two-headed ogre simulacrum (IceCv)
  4 wights
  Dowan (D:5)
  An elephant simulacrum (IceCv)
  21 killer bees
  4 howler monkeys
  An electric eel (D:8)
  2 vampire bats (D:6)
  4 jellies
  A hound (D:5)
  8 orc priests
  3 gnoll shamans
  2 iguanas (D:4)
  13 orc wizards
  A troll simulacrum (IceCv)
  A spriggan simulacrum (IceCv)
  A wolf simulacrum (IceCv)
  Robin (D:2)
  24 gnolls
  4 adders
  2 naga simulacra (IceCv)
  A shadow imp (D:7)
  15 white imps
  4 ufetubi
  2 worms
  3 dart slugs
  32 orcs
  9 bats
  6 endoplasms
  4 giant cockroaches
  11 goblins
  11 hobgoblins
  2 jackals (D:3)
  14 kobolds
  4 quokkas
  6 ball pythons
  5 frilled lizards
  7 rats
354 creatures vanquished.

Vanquished Creatures (others)
  An ufetubus (IceCv)
  36 fungi
  45 plants
82 creatures vanquished.

Grand Total: 436 creatures vanquished

Notes
Turn   | Place    | Note
-------+----------+-------------------------------------------
     0 | D:1      | ptdevnull the Gargoyle Fighter began the quest for the Orb.
     0 | D:1      | Reached XP level 1. HP: 14/14 MP: 1/1
   250 | D:1      | Reached XP level 2. HP: 9/19 MP: 2/2
   586 | D:1      | Found a faded altar of an unknown god.
  1143 | D:2      | Reached XP level 3. HP: 14/23 MP: 3/3
  1289 | D:2      | Noticed Robin
  1310 | D:2      | Killed Robin
  1512 | D:2      | Found an opulent altar of Gozag.
  1515 | D:2      | You fall into a shaft and drop 1 floor!
  1657 | D:2      | Reached XP level 4. HP: 28/28 MP: 4/4
  1743 | D:2      | Became a worshipper of Gozag Ym Sagoz the Greedy
  2716 | D:4      | Reached skill level 5 in Maces & Flails
  2716 | D:4      | Reached XP level 5. HP: 23/32 MP: 5/5
  2786 | D:4      | Identified a scroll of acquirement
  2786 | D:4      | Acquired a manual of Shields
  2958 | D:4      | Reached skill level 4 in Shields
  3019 | D:4      | Noticed Sigmund
  3214 | D:4      | Reached XP level 6. HP: 37/37 MP: 6/6
  3514 | D:4      | Reached skill level 5 in Shields
  3663 | D:4      | Killed Sigmund
  3664 | D:4      | Reached skill level 6 in Shields
  3664 | D:4      | Reached XP level 7. HP: 41/41 MP: 7/7
  3723 | D:5      | Entered Level 5 of the Dungeon
  3735 | D:5      | Noticed Grinder
  3825 | D:5      | Identified the ring "Ykarphoni" {Fly Int+4}
  3906 | D:5      | Reached skill level 7 in Shields
  3963 | D:5      | Reached XP level 8. HP: 39/46 MP: 8/8
  4020 | D:5      | Killed Grinder
  4040 | D:5      | Found a staircase to the Ecumenical Temple.
  4058 | D:5      | Reached skill level 8 in Shields
  4307 | D:5      | Identified the +11 hand axe of Haig {spect, rC+}
  4307 | D:5      | Noticed Dowan
  4308 | D:5      | Noticed Duvessa
  4341 | D:5      | Killed Dowan
  4469 | D:5      | Killed Duvessa
  4470 | D:5      | Reached skill level 9 in Shields
  4599 | D:6      | Reached XP level 9. HP: 24/51 MP: 9/9
  4768 | D:6      | Reached skill level 10 in Maces & Flails
  4768 | D:6      | Reached skill level 10 in Shields
  5585 | D:7      | Noticed Joseph
  5598 | D:7      | Killed Joseph
  5599 | D:7      | Reached skill level 11 in Shields
  5825 | D:7      | Identified the +2 hat of the Circus Animal {Rampage Fly
                  | Int+2 Dex+4}
  6128 | D:7      | Reached skill level 12 in Shields
  6128 | D:7      | Reached XP level 10. HP: 54/56 MP: 10/10
  6662 | D:8      | Reached skill level 5 in Fighting
  6662 | D:8      | Reached skill level 5 in Armour
  6736 | D:8      | Found a burning altar of Makhleb.
  6736 | D:8      | Noticed Pikel
  6743 | D:8      | Killed Pikel
  6757 | D:8      | Noticed Prince Ribbit
  6770 | D:8      | Killed Prince Ribbit
  6794 | D:8      | Found Dofudgh's Antique Weapon Boutique.
  6987 | D:8      | Noticed a two-headed ogre
  6994 | D:8      | Killed a two-headed ogre
  7180 | D:8      | Found a blossoming altar of Fedhas.
  7677 | D:9      | Reached XP level 11. HP: 67/67 MP: 11/11
  7914 | D:9      | Found a staircase to the Lair.
  8020 | D:9      | Acquired 1021 gold pieces
  8026 | D:9      | Found a runed translucent door.
  8045 | D:9      | Noticed garrulousMonolith's ghost (novice HOFi)
  8135 | D:10     | Entered Level 10 of the Dungeon
  8157 | D:10     | Noticed Nergalle
  8169 | D:10     | Killed Nergalle
  8342 | D:10     | Noticed Erolcha
  8399 | D:10     | Killed Erolcha
  8400 | D:10     | Reached skill level 10 in Fighting
  8400 | D:10     | Reached skill level 10 in Armour
  8713 | D:10     | Reached skill level 1 in Axes
  8723 | D:10     | Reached skill level 13 in Shields
  8917 | D:10     | Identified the +0 tower shield of Squeaky Brilliance {rC++
                  | Dex+2}
  8929 | D:10     | Reached XP level 12. HP: 75/77 MP: 12/12
  8935 | D:10     | Noticed Josephine
  8943 | D:10     | Killed Josephine
  8944 | D:10     | Reached skill level 14 in Shields
  9288 | D:10     | Found a staircase to the Orcish Mines.
  9507 | Lair:1   | Entered Level 1 of the Lair of Beasts
  9564 | Lair:1   | Noticed a six-headed hydra
  9640 | Lair:1   | Noticed a five-headed hydra
  9644 | Lair:1   | Killed a six-headed hydra
  9652 | Lair:1   | Killed a five-headed hydra
  9804 | Lair:1   | Reached skill level 5 in Axes
  9810 | Lair:1   | Reached skill level 15 in Shields
 10628 | Lair:2   | Found a frozen archway.
 10643 | IceCv    | Entered an ice cave
 10929 | IceCv    | Reached XP level 13. HP: 64/83 MP: 13/13
 10995 | IceCv    | Noticed a reaper
 11011 | IceCv    | Demolished by a reaper

Illustrated notes

Levels and vault maps discovered:
D:1:      dpeg_arrival_rhombi, layout_basic,
          shapermc_ecumenical_altar_mp_highgroup
D:2:      layout_rooms, basic_altar, minmay_misc_feat_nine_boxes,
          kennysheep_donut, uniq_robin
D:3:      layout_loops_cross, minivault_26, serial_bayou_ford_a,
          kennysheep_decorative_pillar
D:4:      layout_loops_ring, uniq_sigmund
D:5:      layout_rooms, temple_green, minivault_11, uniq_grinder, uniq_duvessa
D:6:      layout_loops_ring, roderic_batcave
D:7:      layout_basic, the_hattery, uniq_joseph
D:8:      layout_loops_corners, fedhas_altar_2, mainiacjoe_overflow_chevrons,
          serial_bayou, serial_bayou_pond_c, serial_bayou_crossing,
          serial_bayou_pond_d, serial_bayou_shore_b, serial_shops,
          nicolae_lakefront_shop, kennysheep_generic_room_11,
          uniq_prince_ribbit1, uniq_pikel
D:9:      layout_rooms, due_lair_maze_entry_diamond,
          ebering_ghost_reflecting_pool
D:10:     layout_stronghold, orc_0_dummy, kennysheep_nub, uniq_erolcha,
          uniq_nergalle, uniq_josephine
Lair:1:   layout_cave_pods
Lair:2:   layout_long_grid, portal_ice_cave_entry_imps, grunt_megastairs_4
IceCv:    ice_cave_small_demon

Skill      XL: |  1  2  3  4  5  6  7  8  9 10 11 12 |
---------------+-------------------------------------+-----
Maces & Flails | 3 4 5 7 8 9 11 | 11.8
Shields        | 4 6 7 9 12 13 15 | 15.4
Fighting       | 7 10 | 10.6
Armour         | 7 10 | 10.6
Axes           | 2 7 |  7.1

Action                   |  1- 3 |  4- 6 |  7- 9 | 10-12 | 13-15 || total
-------------------------+-------+-------+-------+-------+-------++-------
Melee: Flail             |   126 |   172 |   142 |    81 |     3 ||   524
       Hand axe          |       |       |    98 |   448 |    26 ||   572
Invok: Potion Petition   |       |       |     1 |       |       ||     1
Evoke: Wand              |       |       |       |     6 |       ||     6
  Use: Scroll            |       |     9 |       |     9 |       ||    18
       Potion            |       |       |     3 |       |     1 ||     4
 Stab: Distracted        |       |       |     1 |     7 |       ||     8
Armor: Scale mail        |    42 |    66 |       |       |       ||   108
       Chain mail        |       |       |   135 |       |       ||   135
       Plate armour      |       |       |       |   251 |     5 ||   256
Dodge: Dodged            |    64 |   105 |    84 |   112 |     2 ||   367
Block: Buckler           |    27 |    35 |    58 |    69 |       ||   189
       Tower shield      |       |       |       |   199 |    19 ||   218

Table legend: (Time is in decaauts)
 A = Elapsed time spent in this place.
 B = Non-inter-level travel time spent in this place.
 C = Inter-level travel time spent in this place.
 D = Time resting spent in this place.
 E = Time spent auto-exploring this place.
 F = Levels seen in this place.
 G = Mean time per level.
                   A        B        C        D        E       F      G
               +--------+--------+--------+--------+--------+-----+--------+
         Total |  11118 |  10347 |    771 |    869 |   7018 |  13 |  855.2 |
       Dungeon |   9640 |   8924 |    716 |    789 |   6098 |  10 |  964.0 |
          Lair |   1111 |   1057 |     54 |     25 |    791 |   2 |  555.5 |
      Ice Cave |    366 |    366 |      0 |     55 |    129 |   1 |  366.0 |
               +--------+--------+--------+--------+--------+-----+--------+

Top non-repeatable levels by time:
    D:10: 1354 daAuts
     D:8: 1174 daAuts
     D:4: 1098 daAuts
     D:1: 1094 daAuts
  Lair:1: 1086 daAuts
     D:7: 992 daAuts
     D:2: 883 daAuts
     D:3: 874 daAuts
     D:6: 869 daAuts
     D:5: 848 daAuts
     D:9: 450 daAuts
   IceCv: 366 daAuts
  Lair:2: 25 daAuts
